 Dungeon Crawl Stone Soup version 0.21-a0-401-g0b6bec4 (webtiles) character file.

240 Atlas the Magician (level 5, -1/37 HPs)
             Began as a Mummy Fire Elementalist on Oct 23, 2017.
             Shot with an arrow by a centaur (18 damage)
             ... on level 3 of the Dungeon.
             The game lasted 00:03:24 (2687 turns).

Atlas the Magician (Mummy Fire Elementalist)        Turns: 2687, Time: 00:03:24

Health: -1/37      AC:  4    Str: 12    XL:     5   Next: 79%
Magic:  10/10      EV: 12    Int: 15    God:
Gold:   96         SH:  0    Dex: 12    Spells: 1/11 levels left

rFire    x . .     SeeInvis +   l - +2 whip (venom)
rCold    + . .     Gourm    .   (no shield)
rNeg     + + +     Faith    .   h - +0 leather armour
rPois    ∞         Spirit   .   (no helmet)
rElec    .         Reflect  .   (no cloak)
rCorr    .         Harm     .   (no gloves)
MR       .....                  f - +0 pair of boots
Stlth    +.........             (no amulet)
HPRegen  0.12/turn              e - ring of see invisible
MPRegen  0.12/turn              (no ring)

@: no status effects
A: no food or potions, fire vulnerability, cold resistance 1, negative energy
resistance 3, torment resistance, unbreathing
a: no special abilities


You were on level 3 of the Dungeon.
You were not hungry.

You visited 1 branch of the dungeon, and saw 3 of its levels.

You collected 96 gold pieces.

Inventory:

Hand Weapons
 d - a +2 dagger of venom
 l - a +2 whip of venom (weapon)
Missiles
 j - a throwing net (quivered)
Armour
 f - a +0 pair of boots (worn)
 h - a +0 leather armour (worn)
Jewellery
 e - a ring of see invisible (left hand)
Wands
 m - a wand of flame (34/48)
Scrolls
 a - a scroll of recharging {unknown}
 c - 3 scrolls of identify {unknown}
 g - 2 scrolls of remove curse {unknown}
 i - 5 scrolls of teleportation {unknown}
 k - a scroll of fear {unknown}
 n - a scroll of fog {unknown}
 o - a scroll of immolation {unknown}
Books
 b - a book of Flames

   Spells                             Type                      Level
   a - Flame Tongue                   Conjuration/Fire             1
   b - Throw Flame                    Conjuration/Fire             2
   c - Conjure Flame                  Conjuration/Fire             3
   d - Inner Flame                    Hexes/Fire                   3
   e - Sticky Flame                   Conjuration/Fire             4
   f - Fireball                       Conjuration/Fire             5


   Skills:
 + Level 1.0 Fighting
 + Level 1.5 Short Blades
 + Level 0.5 Maces & Flails
 + Level 1.2 Armour
 + Level 2.3 Dodging
 - Level 1.5 Stealth
 + Level 3.9 Spellcasting
 + Level 1.4 Conjurations
 + Level 3.4 Fire Magic


You had one spell level left.
You knew the following spells:

 Your Spells              Type           Power        Failure   Level  Hunger
a - Flame Tongue          Conj/Fire      ##...        9%          1    N/A
b - Throw Flame           Conj/Fire      ##....       13%         2    N/A
c - Conjure Flame         Conj/Fire      ##......     26%         3    N/A
d - Sticky Flame          Conj/Fire      ##......     65%         4    N/A

Dungeon Overview and Level Annotations

Branches:
Dungeon (3/15)

Altars:


Innate Abilities, Weirdness & Mutations

You do not eat or drink.
Your flesh is vulnerable to fire.
You are immune to poison.
Your flesh is cold resistant. (rC+)
You are immune to negative energy. (rN+++)
You are immune to unholy pain and torment.
You can survive without breathing.


Message History

No target in view!
You start resting.
HP restored.
Found a stone staircase leading down.
No target in view!
A centaur comes into view.
The centaur shouts!
The centaur wields a shortbow.
The centaur shoots an arrow.
The arrow hits you!
You see here an arrow.
The centaur shoots an arrow.
The arrow barely misses you.
The centaur shoots an arrow.
The arrow hits you!
A giant cockroach comes into view.
You see here an arrow.
You are too injured to fight recklessly!
There are monsters nearby!
You are too injured to fight recklessly!
The centaur shoots an arrow.
The arrow closely misses you.
You see here 2 arrows.
The centaur shoots an arrow.
The arrow hits you!!
You die...

#...........###..)...
#########.............†.
#....####...............
#.......................
#...........>...........
#..........#.#..........
#....#####...#.####....#
#........#.#............
##.....@.#.....####....#
#.......######## ######
#......((.......
###.....(.......
#.........s...
#.............
#............. .
#..........c..
#.............


You could see a centaur and a giant cockroach.

Vanquished Creatures
  An orc wizard (D:3)
  Natasha (thrice) (D:2)
  3 gnolls (D:2)
  An adder (D:3)
  2 oozes
  An adder skeleton (D:3)
  3 worms (D:2)
  2 dart slugs (D:1)
  3 leopard geckos
  3 orcs (D:3)
  6 bats
  3 giant cockroaches
  5 goblins
  8 hobgoblins
  7 jackals
  2 ball pythons
  2 frilled lizards
  9 kobolds
  12 rats
76 creatures vanquished.

Notes
Turn   | Place    | Note
-------+----------+-------------------------------------------
     0 | D:1      | Atlas the Mummy Fire Elementalist began the quest for the Orb.
     0 | D:1      | Reached XP level 1. HP: 13/13 MP: 4/4
   126 | D:1      | Reached XP level 2. HP: 19/19 MP: 0/5
   533 | D:1      | Reached skill level 1 in Conjurations
   533 | D:1      | Reached XP level 3. HP: 24/24 MP: 7/7
   991 | D:2      | Reached XP level 4. HP: 28/30 MP: 9/9
  1023 | D:2      | Noticed Natasha
  1030 | D:2      | Killed Natasha
  1030 | D:2      | Reached skill level 1 in Short Blades
  1518 | D:2      | Noticed Natasha
  1526 | D:2      | Killed Natasha
  1526 | D:2      | Reached XP level 5. HP: 36/36 MP: 5/10
  1755 | D:2      | Noticed Natasha
  1765 | D:2      | Killed Natasha
  2185 | D:2      | Learned a level 2 spell: Throw Flame
  2189 | D:2      | Learned a level 3 spell: Conjure Flame
  2194 | D:2      | Learned a level 4 spell: Sticky Flame
  2239 | D:3      | Reached skill level 1 in Armour
  2244 | D:3      | Reached skill level 1 in Fighting
  2683 | D:3      | Noticed a centaur
  2687 | D:3      | Shot with an arrow by a centaur

Vault maps used:
D:1:      kennysheep_arrival_forest
D:2:      hangedman_decor_growths, uniq_natasha
D:3:      dk_noncrumbling_4, lexackson_kobold_supper

Skill      XL: |  1  2  3  4  5 |
---------------+----------------+-----
Spellcasting   | 3 |  3.9
Fire Magic     | 3 |  3.4
Conjurations   | 1 |  1.4
Dodging        | 2 |  2.3
Short Blades   | 1 |  1.5
Armour         | 1 |  1.2
Fighting       | 1 |  1.0
Maces & Flails | |  0.5
Stealth        | |  1.5

Action                   |  1- 3 |  4- 6 || total
-------------------------+-------+-------++-------
Melee: Dagger            |    65 |    31 ||    96
       Whip              |       |    40 ||    40
 Cast: Flame Tongue      |    16 |    34 ||    50
 Stab: Sleeping          |     6 |     1 ||     7
Armor: Robe              |     4 |       ||     4
       Leather armour    |     5 |    26 ||    31
Dodge: Dodged            |    40 |    62 ||   102

Table legend:
 A = Spawn XP
 B = Non-spawn XP
 C = Spawn XP percentage of total XP
 D = Spawn monster count
 E = Non-spawn monster count
 F = Spawn count percentage of total count
 G = Total turns spent on level
                    A         B        C        D         E        F      G
               +---------+---------+-------+---------+---------+-------+---------
         Total |       0 |     343 |   0.0 |       0 |      76 |   0.0 |  2687
               +---------+---------+-------+---------+---------+-------+---------
           D:1 |       0 |      52 |   0.0 |       0 |      26 |   0.0 |   773
           D:2 |       0 |     197 |   0.0 |       0 |      31 |   0.0 |  1451
           D:3 |       0 |      94 |   0.0 |       0 |      19 |   0.0 |   463
               +---------+---------+-------+---------+---------+-------+---------
